 Dungeon Crawl Stone Soup version 0.31-a0-968-g24f9ace8b5 (webtiles) character file.

Game seed: 4494773861130946555

257 Shayle the Ducker (level 6, 0/34 HPs)
             Began as a Tengu Hexslinger on Oct 27, 2023.
             Splashed by a jelly's acid (5 damage)
             ... on level 4 of the Dungeon.
             The game lasted 00:03:12 (3092 turns).

Shayle the Ducker (Tengu Hexslinger)                Turns: 3092, Time: 00:03:13

Health: 0/34       AC:  0    Str: 10    XL:     6   Next: 16%
Magic:  8/8        EV: 15    Int: 13    God:
Gold:   126        SH:  5    Dex: 17    Spells: 7/7 levels left

rFire   . . .        e - +0 spear (freeze)
rCold   . . .        (no shield)
rNeg    . . .        m - +0 leather armour
rPois   .            (helmet restricted)
rElec   .            s - +0 cloak
rCorr   .            (no gloves)
SInv    .            (boots unavailable)
Will    .....        i - amulet of reflection
Stlth   +            (no ring)
HPRegen 0.25/turn    (no ring)
MPRegen 0.11/turn

%: reflection, acrobat
@: corroded
A: beak, talons 3, acrobatic
a: no special abilities


You were on level 4 of the Dungeon.
You visited 1 branch of the dungeon, and saw 4 of its levels.

You collected 126 gold pieces.

Inventory:

Hand Weapons
 a - a +1 sling
 e - a +0 spear of freezing (weapon)
 t - a +0 dagger of venom
Missiles
 o - 2 boomerangs
 v - 7 javelins (quivered)
Armour
 c - a +0 robe
 h - a +0 ring mail
 m - a +0 leather armour (worn)
 s - a +0 cloak (worn)
Jewellery
 i - an amulet of reflection (around neck)
 p - a ring of fire
 u - an amulet of faith
Scrolls
 b - a scroll of poison
 l - 5 scrolls of identify {unknown}
 q - a scroll of enchant weapon {unknown}
 r - a scroll of immolation {unknown}
Potions
 d - a potion of degeneration {unknown}
 f - a potion of attraction {unknown}
 g - 2 potions of invisibility {unknown}
 j - a potion of might {unknown}
 k - a potion of curing {unknown}
 n - a potion of resistance {unknown}


   Skills:
 - Level 1.0 Fighting
 - Level 2.1 Ranged Weapons
 + Level 6.9 Dodging
 - Level 1.0 Spellcasting
 - Level 2.1 Hexes
 - Level 1.1 Fire Magic


You had 7 spell levels left.
You didn't know any spells.
Your spell library contained the following spells:

 Spells                   Type           Power      Damage    Failure   Level
 Jinxbite                 Hex            12%        N/A       24%         2
 Sigil of Binding         Hex            6%         N/A       43%         3
 Lesser Beckoning         Tloc           0%         N/A       50%         2
 Inner Flame              Hex/Fire       4%         N/A       52%         3
 Gell's Gravitas          Tloc           0%         N/A       75%         3
 Teleport Other           Tloc           0%         N/A       75%         3
 Cause Fear               Hex            3%         N/A       83%         4
 Dimensional Bullseye     Hex/Tloc       1%         N/A       94%         4


Dungeon Overview and Level Annotations

Branches:
Dungeon (4/15)
 Temple: D:4-7

Altars:
Xom


Innate Abilities, Weirdness & Mutations

You have a beak for a mouth.
You have claws for feet.
You can magically evade attacks while moving or waiting.


Message History

You throw a javelin. The javelin closely misses the kobold.
The kobold throws a stone.
The stone misses you.
Throw: 7 javelins
Press: ? - help, Q - select action, (/) - cycle Shift-Dir - straight line, f/p - kobold
Aim: a kobold, wielding a +0 whip and quivering stones (47% to hit)
You throw a javelin. The javelin pierces through the kobold.
You kill the kobold!
You hear a distant slurping noise.
v - 7 javelins (gained 1)
Things that are here:
a +0 whip; a stone; a kobold corpse
v - 8 javelins (gained 1)
Found a stone staircase leading down.
A jelly comes into view.
The jelly moves out of view.
Throw: 8 javelins
Press: ? - help, Q - select action, (/) - cycle Shift-Dir - straight line, f - jelly
Aim: a jelly (wandering, hasn't noticed you, 89% to hit)
You throw a javelin. The jelly quivers.
The javelin pierces through the jelly!
The jelly is moderately wounded.
You barely miss the jelly. You peck the jelly.
The jelly is moderately wounded.
The jelly closely misses you.
You hit the jelly. You freeze the jelly. The acid corrodes you!
Your hands burn!
You claw the jelly.
The jelly is heavily wounded.
The jelly hits you.
You are splashed with acid!
You hit the jelly. You freeze the jelly.
Your hands burn!
You claw the jelly! You punch the jelly, but do no damage.
The jelly is severely wounded.
The jelly hits you.
You are splashed with acid!
* * * LOW HITPOINT WARNING * * *
You barely miss the jelly. You claw the jelly.
The jelly is almost dead.
The jelly closely misses you.
Okay, then.
You hit the jelly. You freeze the jelly.
Your hands burn!
You die...

##.........##
............
.........#
.......# (....#
...# ########J#
#.......@#
#.#####..##
#.#####...####
#.......#....
#.##......>##
####.##.##...##
........##..##
####........#
#.#####..#


You could see a jelly.

Vanquished Creatures
  A water moccasin (D:3)
  A scorpion (D:4)
  A gnoll (D:2)
  3 adders
  A worm (D:3)
  An orc (D:3)
  3 endoplasms
  2 giant cockroaches
  6 goblins
  10 hobgoblins
  4 jackals (D:2)
  A quokka (D:3)
  9 ball pythons
  2 frilled lizards
  6 kobolds
  2 rats (D:2)
53 creatures vanquished.

Notes
Turn   | Place    | Note
-------+----------+-------------------------------------------
     0 | D:1      | Shayle the Tengu Hexslinger began the quest for the Orb.
     0 | D:1      | Reached XP level 1. HP: 12/12 MP: 3/3
   143 | D:1      | Reached XP level 2. HP: 16/16 MP: 4/4
   144 | D:1      | Reached skill level 3 in Dodging
   397 | D:1      | Found a faded altar of an unknown god.
   862 | D:2      | Reached XP level 3. HP: 20/20 MP: 5/5
   886 | D:2      | Reached skill level 4 in Dodging
  1490 | D:2      | Reached XP level 4. HP: 24/25 MP: 6/6
  1966 | D:3      | Reached skill level 5 in Dodging
  2105 | D:3      | Found a shimmering altar of Xom.
  2543 | D:3      | Noticed a water moccasin
  2550 | D:3      | Killed a water moccasin
  2551 | D:3      | Reached skill level 6 in Dodging
  2551 | D:3      | Reached XP level 5. HP: 26/29 MP: 7/7
  2811 | D:4      | Reached XP level 6. HP: 15/34 MP: 8/8
  3092 | D:4      | Splashed by a jelly's acid

Illustrated notes

Levels and vault maps discovered:
D:1:      minmay_arrival_up_and_down, layout_loops_corners,
          ebering_ecumenical_altar_rust
D:2:      minmay_evil_eye, layout_loops_ring
D:3:      layout_loops_ring, marbit_many_paths
D:4:      layout_loops_corners, mainiacjoe_overflow_concentric_impassable,
          nicolae_gozag_zags_fifth_avenue, minmay_temple_entry_fiery,
          nicolae_tricolors

Skill      XL: |  1  2  3  4 |
---------------+-------------+-----
Dodging        | 3 4 6 |  6.9
Fighting       | |  1.0
Ranged Weapons | |  2.1
Spellcasting   | |  1.0
Hexes          | |  2.1
Fire Magic     | |  1.1

Action                     |  1- 3 |  4- 6 || total
---------------------------+-------+-------++-------
  Melee: Spear             |       |    26 ||    26
         Kick              |       |     9 ||     9
         Peck              |       |     4 ||     4
         Punch             |       |     1 ||     1
   Fire: Sling             |    92 |    59 ||   151
  Throw: Javelin           |       |     3 ||     3
 Armour: Robe              |     4 |       ||     4
         Ring mail         |    23 |     1 ||    24
         Leather armour    |       |    28 ||    28
  Dodge: Dodged            |    35 |    34 ||    69
  Block: Other             |       |     3 ||     3

Table legend: (Time is in decaauts)
 A = Elapsed time spent in this place.
 B = Non-inter-level travel time spent in this place.
 C = Inter-level travel time spent in this place.
 D = Time resting spent in this place.
 E = Time spent auto-exploring this place.
 F = Levels seen in this place.
 G = Mean time per level.
                   A        B        C        D        E       F      G
               +--------+--------+--------+--------+--------+-----+--------+
         Total |   3151 |   2989 |    162 |    324 |   2247 |   4 |  787.8 |
       Dungeon |   3151 |   2989 |    162 |    324 |   2247 |   4 |  787.8 |
               +--------+--------+--------+--------+--------+-----+--------+

Top non-repeatable levels by time:
     D:2: 1001 daAuts
     D:3: 937 daAuts
     D:1: 835 daAuts
     D:4: 377 daAuts
